 Dungeon Crawl Stone Soup version 0.24-a0-235-g3f03afcf10 (webtiles) character file.

Game seed: 2180549073716934328

50 HAL9000 the Chucker (level 3, 0/36 HPs)
             Began as an Ogre Hunter on Apr 5, 2019.
             Slain by an adder (3 damage)
             ... on level 2 of the Dungeon.
             The game lasted 00:01:40 (1621 turns).

HAL9000 the Chucker (Ogre Hunter)                   Turns: 1621, Time: 00:01:40

Health: 0/36       AC:  4    Str: 16    XL:     3   Next: 79%
Magic:  3/3        EV: 10    Int: 12    God:
Gold:   88         SH:  0    Dex: 10    Spells: 2/2 levels left

rFire    . . .     SeeInvis .   e - +0 mace
rCold    . . .     Gourm    .   (no shield)
rNeg     . . .     Faith    .   b - +0 robe
rPois    .         Spirit   .   (helmet restricted)
rElec    .         Reflect  .   n - +0 cloak
rCorr    .         Harm     .   (gloves unavailable)
MR       .....                  (boots unavailable)
Stlth    +.........             (no amulet)
HPRegen  0.12/turn              (no ring)
MPRegen  0.08/turn              (no ring)

@: lethally poisoned (0 -> -13)
A: large, unfitting armour, tough skin 1
a: no special abilities


You were on level 2 of the Dungeon.
You were not hungry.

You visited 1 branch of the dungeon, and saw 2 of its levels.

You collected 88 gold pieces.

Inventory:

Hand Weapons
 a - a +0 short sword
 e - a +0 mace (weapon)
Missiles
 c - 5 large rocks (quivered)
 d - 2 throwing nets
Armour
 b - a +0 robe (worn)
 n - a +0 cloak (worn)
Scrolls
 i - a scroll of remove curse {unknown}
 k - a scroll of identify {unknown}
 l - a scroll of enchant armour {unknown}
 o - a scroll of blinking {unknown}
 p - a scroll of fog {unknown}
Potions
 g - 2 potions of degeneration {unknown}
 h - a potion of heal wounds {unknown}
 j - 2 potions of cancellation {unknown}
 m - a potion of agility {unknown}
Comestibles
 f - 4 rations
 q - 2 chunks of flesh


   Skills:
 - Level 2.6 Fighting
 + Level 3.0 Maces & Flails
 - Level 4.0 Throwing
 - Level 1.7 Dodging
 - Level 0.6 Stealth


You had 2 spell levels left.
You didn't know any spells.
Your spell library was empty.

Dungeon Overview and Level Annotations

Branches:
Dungeon (2/15)

Altars:


Innate Abilities, Weirdness & Mutations

You are too large for most types of armour.
You have tough skin. (AC +1)


Message History

You feel sick. The adder closely misses you. The adder bites you.
You are more poisoned.
The adder poisons you!
You feel sick.
You see here a ration.
You feel sick. The adder bites you.
You are lethally poisoned!
The adder poisons you!
You hit the adder but do no damage.
The adder is moderately wounded.
You feel sick. The adder closely misses you. The hobgoblin hits you.
You hit the adder.
The adder is severely wounded.
* * * LOW HITPOINT WARNING * * *
You feel sick. The adder bites you.
* * * LOW HITPOINT WARNING * * *
The hobgoblin hits you.
* * * LOW HITPOINT WARNING * * *
The adder bites you.
You die...

#.# #.##.##
.. #.#
#.##.##.# #.#
####.......#
...
...<....####
.##.#...#####
#
#.###†....[#
#..
....#...###.#
.....###g#..#
#....@Ss..#
.....#####.##
.##
#...s.......
#........##.
#........#
#..........
#.......#.#.
#..$....#.#
#.......# #


You could see an adder, a giant cockroach and a hobgoblin.

Vanquished Creatures
  2 adders (D:2)
  2 oozes (D:2)
  A dart slug (D:1)
  A leopard gecko (D:1)
  2 goblins (D:1)
  3 hobgoblins
  A ball python (D:1)
  5 bats
  3 frilled lizards
  3 kobolds (D:1)
  A rat (D:2)
24 creatures vanquished.

Notes
Turn   | Place    | Note
-------+----------+-------------------------------------------
     0 | D:1      | HAL9000 the Ogre Hunter began the quest for the Orb.
     0 | D:1      | Reached XP level 1. HP: 22/22 MP: 1/1
   396 | D:1      | Reached skill level 1 in Maces & Flails
   402 | D:1      | Reached XP level 2. HP: 26/29 MP: 2/2
  1180 | D:2      | Reached XP level 3. HP: 11/36 MP: 3/3
  1621 | D:2      | Slain by an adder

Levels and vault maps discovered:
D:1:      minmay_arrival_hallway, layout_basic, corexii_leaking_fountain
D:2:      layout_loops_cross, lemuel_crystal_altar, uniq_crazy_yiuf_cottage

Skill      XL: |  1  2  3 |
---------------+----------+-----
Maces & Flails | 1 2 3 |  3.0
Fighting       | |  2.6
Throwing       | |  4.0
Dodging        | |  1.7
Stealth        | |  0.6

Action                   || total
-------------------------++-------
Melee: Mace              ||   113
Throw: Large rock        ||     5
 Stab: Sleeping          ||     2
  Eat: Chunk             ||     2
Armor: Robe              ||    43
Dodge: Dodged            ||    88

Table legend:
 A = Non-vault XP
 B = Vault XP
 C = Vault XP percentage of total XP
 D = Non-vault monster count
 E = Vault monster count
 F = Vault count percentage of total count
                 A         B        C        D         E       F
            +---------+---------+-------+---------+---------+-------
      Total |      72 |       0 |   0.0 |      24 |       0 |   0.0
            +---------+---------+-------+---------+---------+-------
        D:1 |      27 |       0 |   0.0 |      16 |       0 |   0.0
        D:2 |      45 |       0 |   0.0 |       8 |       0 |   0.0
            +---------+---------+-------+---------+---------+-------
